 Dungeon Crawl Stone Soup version 0.31-a0-466-g98c9adc2b6 (webtiles) character file.

Game seed: 16163351370053244499

136915 HoaS the Brawler (level 17, -5/156 HPs)
             Began as a Ghoul Monk on Aug 3, 2023.
             Was an Initiate of Gozag.
             Slain by a ghost moth (10 damage)
             ... on level 1 of the Spider Nest on Aug 5, 2023.
             The game lasted 01:50:54 (29923 turns).

HoaS the Brawler (Ghoul Monk)                      Turns: 29923, Time: 01:50:55

Health: -5/156     AC: 26    Str: 16 (19) XL:     17   Next: 22%
Magic:  0/16       EV: 22    Int:  4 (5)  God:    Gozag
Gold:   6882       SH: 11    Dex: 10 (15) Spells: 16/16 levels left

rFire   . .          .
                       - Unarmed
rCold   + . .        t - +0 kite shield
rNeg    + + +        i - +6 scale mail of Dim Light {Rampage rN+}
rPois   ∞            u - +2 helmet
rElec   .            k - +2 cloak {Will+}
rCorr   .            (no gloves)
SInv    .            h - +2 pair of boots
Will    ++...        q - amulet of the acrobat Stlth
                     B - +5 ring of evasion
HPRegen 0.00/turn    o - +5 ring of evasion
MPRegen 0.15/turn

%: acrobat, rampage
@: gold aura, inhibited regen, studying Shields
A: claws 1, cold resistance 1, negative energy resistance 3, inhibited
regeneration, torment resistance 2, devour on kill
a: Renounce Religion, Potion Petition, Call Merchant, Bribe Branch


You were on level 1 of the Spider Nest.
You worshipped Gozag.
Gozag was greatly pleased with you.
You visited 5 branches of the dungeon, and saw 25 of its levels.
You also visited: Sewer and Bailey.

You collected 10692 gold pieces.
You spent 3072 gold pieces at shops.
You paid 738 gold pieces to Gozag.

Inventory:

Missiles
 e - 6 throwing nets
Armour
 h - a +2 pair of boots (worn)
 i - the +6 scale mail of Dim Light (worn) {Rampage rN+}
   (You bought it in a shop on level 3 of the Dungeon)

   rN:        It protects you from negative energy.
   Rampage:   It bestows one free step when moving towards enemies.
 k - a +2 cloak of willpower (worn)
 t - a +0 kite shield (worn)
 u - a +2 helmet (worn)
Jewellery
 a - a +6 ring of dexterity
 o - a +5 ring of evasion (right claw)
 q - an amulet of the acrobat (around neck)
 y - a ring of resist corrosion
 B - a +5 ring of evasion (left claw)
 I - a ring of ice
Wands
 g - a wand of quicksilver (15)
 p - a wand of charming (19)
 s - a wand of roots (21)
 z - a wand of mindburst (8) (quivered)
 A - a wand of polymorph (14)
 F - a wand of digging (7)
 K - a wand of flame (6)
Scrolls
 d - 6 scrolls of fog
 j - 6 scrolls of blinking
 l - 3 scrolls of revelation
 m - 8 scrolls of teleportation
 r - 4 scrolls of noise
 C - 2 scrolls of enchant armour
 D - a scroll of fear
 G - a scroll of torment
 H - 2 scrolls of poison
Potions
 b - 3 potions of ambrosia
 f - 10 potions of curing
 n - 5 potions of attraction
 x - a potion of resistance
 E - 3 potions of haste
 J - a potion of enlightenment


   Skills:
 + Level 15.1 Fighting
 + Level 12.5 Armour
 + Level 12.8 Dodging
 - Level 12.0 Shields
 * Level 18.8 Unarmed Combat


You had 16 spell levels left.
You didn't know any spells.
Your spell library contained the following spells:

 Spells                   Type           Power      Damage    Failure   Level
 Apportation              Tloc           0%         N/A       96%         1
 Magic Dart               Conj           0%         1d3       96%         1
 Necrotise                Necr           0%         1d4       96%         1
 Slow                     Hex            0%         N/A       96%         1
 Summon Small Mammal      Summ           0%         N/A       96%         1
 Blink                    Tloc           0%         N/A       99%         2
 Call Imp                 Summ           0%         N/A       99%         2
 Call Canine Familiar     Summ           0%         N/A       100%        3
 Confusing Touch          Hex            0%         N/A       100%        3
 Ignite Poison            Fire/Tmut/Pois 0%         N/A       100%        3
 Mephitic Cloud           Conj/Pois/Air  0%         N/A       100%        3
 Summon Guardian Golem    Hex/Summ       0%         N/A       100%        3
 Vampiric Draining        Necr           0%         2d6       100%        3
 Leda's Liquefaction      Hex/Erth       0%         N/A       100%        4
 Manifold Assault         Tloc           0%         N/A       100%        4
 Sticky Flame             Conj/Fire      0%         2d3       100%        4
 Agony                    Necr           0%         N/A       100%        5
 Fireball                 Conj/Fire      0%         3d3       100%        5
 Iskenderun's Battlesphe  Conj           0%         2d6       100%        5
 Lee's Rapid Deconstruct  Erth           0%         3d4*      100%        5
 Summon Forest            Summ/Tloc      0%         N/A       100%        5
 Conjure Ball Lightning   Conj/Air       0%         3x3d6     100%        6
 Eringya's Noxious Bog    Tmut/Pois      0%         4d6       100%        6
 Leda's Unmaking          Conj/Erth      0%         9d1       100%        6
 Orb of Destruction       Conj           0%         9d5       100%        7
 Summon Hydra             Summ           0%         N/A       100%        7
 Ignition                 Fire           0%         3d3       100%        8


Dungeon Overview and Level Annotations

Branches:
Dungeon (15/15)            Temple (1/1) D:5            Lair (5/5) D:8
  Swamp (0/4) Lair:2       Spider (2/4) Lair:2        Slime (0/5) Lair:5
    Orc (2/2) D:10            Elf (0/3) Orc:2        Vaults (0/5) D:13
 Depths (0/4) D:15          Sewer (visited)          Bailey (visited)

Altars:
Ashenzari
Cheibriados
Dithmenos
Fedhas
Gozag
Hepliaklqana
Kikubaaqudgha
Makhleb
Nemelex Xobeh
Okawaru
Qazlal
Ru
Sif Muna
Trog
Uskayaw
Vehumet
Wu Jian
Xom
Yredelemnul
Jiyva

Shops:
D:3 [=*?*   D:12 ?   Orc:1 :   Orc:2 *(=

Annotations:
D:9 exclusion: orange crystal statue


Innate Abilities, Weirdness & Mutations

You are immune to poison.
You have sharp fingernails.
Your flesh is cold resistant. (rC+)
You are immune to negative energy. (rN+++)
You do not regenerate when monsters are visible.
You are immune to unholy pain and torment.
You thrive by killing the living.


Message History

Something hits you but does no damage. Something stings you.
* * * LOW HITPOINT WARNING * * *
You feel weakened.
You mangle the demonic crawler!!
You kill the demonic crawler!
Something hits you but does no damage. You block something's attack.
Something stings you but does no damage.
You feel you are being watched by something.
You feel your power leaking away.
You see here 15 gold pieces.
You feel you are being watched by something.
Something hits you.
* * * LOW HITPOINT WARNING * * *
Something completely misses you. Something misses you.
You claw something!
You feel you are being watched by something.
Something hits you but does no damage. Something hits you.
* * * LOW HITPOINT WARNING * * *
You feel weakened. You block something's attack.
You completely miss something.
You feel you are being watched by something.
Something barely misses you. Something hits you but does no damage.
Something stings you!
* * * LOW HITPOINT WARNING * * *
You claw something!
You feel you are being watched by something.
Something hits you but does no damage. x2
Something stings you but does no damage.
You scratch something. Something hits you!
* * * LOW HITPOINT WARNING * * *
You feel clumsy. Something hits you but does no damage. Something stings you!
* * * LOW HITPOINT WARNING * * *
You feel clumsy.
You miss something.
You feel you are being watched by something.
Something hits you!
You die...
Your body crumbles into a pile of gold.

.....# ###...#
.....# ###.....#
....[# ###^......#
### ^....#
###.........# #.##
....##
##...........#
#..## ....#
#............#
##..# ...##
#............#
##.... ..##
#.......$....#
#..^.. .##
##......>@..##
##..#[. ##
##.........#
##..##.. #
#.........#
###...###.
##........#
###....## #. ###
#........###....###
## #.##
##........=...###
#=.# ##....###...##
##.## ##...#
###..## #..##
##.#.## ##..#


There were no monsters in sight!

Vanquished Creatures
  Saint Roka (Orc:2)
  Kirke (Lair:5)
  A broodmother (Spider:2)
  Snorg (Lair:3)
  The ghost of floatRand the Stormcaller, a journeyman TeAE of Vehumet (Lair:3)
  Harold (D:9)
  Fannar (Orc:1)
  5 hydras
  A catoblepas (Lair:3)
  2 vault guards (D:13)
  Erolcha (D:11)
  6 centaur warriors
  An ogre mage (Orc:1)
  Erica (D:11)
  A radroach (Spider:1)
  6 boulder beetles
  8 two-headed ogres
  A tengu warrior (D:14)
  4 death yaks
  A sun demon (D:12)
  A demonic crawler (Spider:1)
  5 orc high priests (Orc:2)
  A storm dragon zombie (D:15)
  3 skysharks
  2 sixfirhies
  A pharaoh ant (Spider:2)
  9 skeletal warriors
  A golden dragon zombie (D:15)
  An orb spider (Spider:1)
  A wizard (D:13)
  Pikel (D:7)
  A steelbarb worm (Spider:2)
  7 orc knights
  4 necromancers
  4 deep elf pyromancers
  A phantasmal warrior (D:15)
  An orc sorcerer (Orc:1)
  5 wolf spiders
  A fire giant zombie (D:15)
  5 cyclopes
  4 manticores
  A moth of wrath (Spider:1)
  22 ugly things
  4 elephants (Lair:5)
  9 black mambas
  4 molten gargoyles (D:9)
  A smoke demon (D:13)
  8 rust devils
  A guardian serpent (Lair:5)
  3 orange demons (D:13)
  A torpor snail (Lair:5)
  16 cane toads
  3 gargoyles
  4 rime drakes
  A spectral unseen horror (D:6)
  A spriggan zombie (D:15)
  4 komodo dragons
  A troll (shapeshifter) (D:15)
  A guardian mummy (D:15)
  A freezing wraith (D:15)
  3 tengu conjurers
  A polar bear (Lair:3)
  6 trolls
  5 hornets
  3 meliai (D:14)
  2 tarantellas
  27 blink frogs
  Grinder (D:4)
  Prince Ribbit (Lair:1)
  A blink frog (shapeshifter) (D:14)
  5 dream sheep
  7 jumping spiders
  5 culicivoras
  A spriggan (Lair:2)
  2 wraiths
  A ynoxinul (D:13)
  13 wyverns
  A centaur simulacrum (D:14)
  15 slime creatures
  A hog (Lair:5)
  2 shadows
  68 yaks
  2 vampires
  Eustachio (D:4)
  16 humans (D:13)
  3 fire bats (Lair:5)
  4 basilisks
  4 vampire mosquitoes (D:13)
  3 chaos spawn (D:13)
  15 redbacks
  2 acid dragons
  2 wargs (Orc:2)
  Edmund (D:5)
  29 water moccasins
  Duvessa (D:5)
  2 ice beasts
  2 black bears
  59 orc warriors
  7 ogres
  8 wolves
  A lemure (D:7)
  14 centaurs
  A phantom (D:7)
  16 kobold brigands
  6 gnoll sergeants
  13 bullfrogs
  2 scorpions
  13 wights
  Dowan (D:5)
  12 killer bees
  5 electric eels
  2 howler monkeys
  A lava snake (D:9)
  4 jellies
  4 hounds
  29 orc priests
  2 gnoll boudas (D:8)
  A sleepcap (D:4)
  A centaur skeleton (D:6)
  5 iguanas
  26 orc wizards
  7 hell rats (Lair:5)
  A killer bee simulacrum (D:6)
  11 adders
  34 gnolls
  6 river rats (Sewer)
  2 shadow imps
  An ufetubus (D:5)
  4 worms
  4 dart slugs
  112 orcs
  2 bats (D:1)
  5 endoplasms
  10 giant cockroaches
  6 goblins
  12 hobgoblins
  4 jackals (D:3)
  3 quokkas
  16 ball pythons
  11 frilled lizards
  59 kobolds
  16 rats
1007 creatures vanquished.

Vanquished Creatures (others)
  Sonja (Lair:3)
  The ghost of mopl the Chopper, a novice HOFi of Beogh (D:6)
  An ugly thing (D:14)
  A human (Lair:5)
  An orc wizard (D:8)
5 creatures vanquished.

Grand Total: 1012 creatures vanquished

Notes
Turn   | Place    | Note
-------+----------+-------------------------------------------
     0 | D:1      | HoaS the Ghoul Monk began the quest for the Orb.
     0 | D:1      | Reached XP level 1. HP: 19/19 MP: 0/0
   105 | D:1      | Reached XP level 2. HP: 26/26 MP: 1/1
   182 | D:1      | Reached skill level 4 in Unarmed Combat
   488 | D:1      | Reached XP level 3. HP: 31/31 MP: 2/2
   779 | D:2      | Found a faded altar of an unknown god.
   882 | D:2      | Reached skill level 5 in Unarmed Combat
   972 | D:2      | Identified a scroll of acquirement
   972 | D:2      | Acquired 787 gold pieces
  1073 | D:2      | Reached XP level 4. HP: 34/38 MP: 3/3
  1608 | D:3      | Found Rovo's General Store.
  1614 | D:3      | Bought a potion of curing for 36 gold pieces
  1614 | D:3      | Bought the +6 scale mail of Dim Light {Rampage rN+} for 542
                  | gold pieces
  1817 | D:3      | Found Kuxos's Jewellery Shop.
  1829 | D:3      | Reached skill level 6 in Unarmed Combat
  1829 | D:3      | Reached XP level 5. HP: 45/45 MP: 4/4
  1847 | D:3      | Found Keunkugh's Antique Armour Boutique.
  1858 | D:3      | Bought a glowing cloak for 142 gold pieces
  1892 | D:3      | Found Muack's Magic Scroll Boutique.
  1897 | D:3      | Bought a scroll of enchant armour for 82 gold pieces
  1897 | D:3      | Bought a scroll of teleportation for 33 gold pieces
  1897 | D:3      | Bought a scroll of teleportation for 33 gold pieces
  1897 | D:3      | Bought a scroll of teleportation for 33 gold pieces
  2069 | D:3      | Found Vuf Seim's General Store.
  2451 | D:3      | Noticed a kobold brigand
  2458 | D:3      | Killed a kobold brigand
  2459 | D:3      | Reached skill level 7 in Unarmed Combat
  2459 | D:3      | Reached XP level 6. HP: 44/51 MP: 5/5
  2585 | D:3      | Reached skill level 8 in Unarmed Combat
  2666 | D:3      | Reached XP level 7. HP: 52/57 MP: 6/6
  2888 | D:3      | Bought a scroll of blinking for 82 gold pieces
  2892 | D:4      | Noticed Grinder
  2892 | D:4      | Found a glowing drain.
  2904 | Sewer    | Entered a sewer
  3167 | D:4      | Paralysed by Grinder for 4 turns
  3177 | D:4      | Paralysed by Grinder for 4 turns
  3182 | D:4      | Killed Grinder
  3183 | D:4      | Reached skill level 9 in Unarmed Combat
  3387 | D:4      | Reached skill level 10 in Unarmed Combat
  3396 | D:4      | Noticed Eustachio
  3412 | D:4      | Killed Eustachio
  3413 | D:4      | Reached XP level 8. HP: 63/63 MP: 7/7
  3634 | D:5      | Entered Level 5 of the Dungeon
  3634 | D:5      | Noticed Duvessa
  3637 | D:5      | Noticed Dowan
  3644 | D:5      | Killed Duvessa
  3651 | D:5      | Killed Dowan
  3652 | D:5      | Reached skill level 11 in Unarmed Combat
  3733 | D:5      | Found an iron altar of Okawaru.
  3789 | D:5      | Found a staircase to the Ecumenical Temple.
  3804 | Temple   | Entered the Ecumenical Temple
  3813 | Temple   | Became a worshipper of Gozag Ym Sagoz the Greedy
  4176 | D:5      | Noticed Edmund
  4187 | D:5      | Killed Edmund
  4313 | D:5      | Reached skill level 12 in Unarmed Combat
  4497 | D:6      | Reached skill level 1 in Armour
  4520 | D:6      | Reached XP level 9. HP: 68/71 MP: 8/8
  4751 | D:6      | Found a sparkling altar of Nemelex Xobeh.
  4796 | D:6      | Found a runed translucent gate.
  4796 | D:6      | Found a runed translucent gate.
  4796 | D:6      | Found a runed translucent gate.
  5200 | D:6      | Noticed mopl's ghost (novice HOFi)
  5202 | D:6      | Noticed a spectral unseen horror
  5359 | D:3      | Bought a +5 ring of evasion for 396 gold pieces
  5493 | D:7      | Noticed Pikel
  5511 | D:7      | Killed Pikel
  5512 | D:7      | Reached skill level 5 in Fighting
  5875 | D:7      | Found a hazy altar of Hepliaklqana.
  5994 | D:7      | Reached XP level 10. HP: 83/83 MP: 9/9
  6034 | D:7      | Reached skill level 1 in Shields
  6421 | D:7      | Found a broken altar of Ashenzari.
  6579 | D:8      | Found a flagged portal.
  6588 | Bailey   | Entered a bailey
  6644 | Bailey   | Reached skill level 5 in Dodging
  6778 | Bailey   | Reached skill level 13 in Unarmed Combat
  6786 | Bailey   | Noticed an orc knight
  6807 | Bailey   | Killed an orc knight
  6934 | Bailey   | Found a burning altar of Makhleb.
  7082 | D:3      | Bought a +4 ring of slaying for 858 gold pieces
  7694 | D:8      | Reached skill level 5 in Armour
  7707 | D:8      | Found a staircase to the Lair.
  7870 | D:8      | Reached XP level 11. HP: 92/92 MP: 10/10
  8296 | D:8      | Noticed a moth of wrath
  8299 | D:8      | Found a bloodstained altar of Trog.
  8433 | D:9      | Noticed an orange crystal statue
  8860 | Lair:1   | Entered Level 1 of the Lair of Beasts
  9625 | Lair:1   | Noticed Prince Ribbit
  9632 | Lair:1   | Killed Prince Ribbit
  9633 | Lair:1   | Reached skill level 14 in Unarmed Combat
  9783 | Lair:1   | Reached skill level 5 in Shields
 10214 | Lair:2   | Reached XP level 12. HP: 103/103 MP: 11/11
 10239 | Lair:2   | Noticed a six-headed hydra
 10345 | Lair:2   | Noticed a skyshark
 10354 | Lair:2   | Killed a skyshark
 10634 | Lair:2   | Noticed a seven-headed hydra
 10655 | Lair:2   | Killed a seven-headed hydra
 10816 | Lair:2   | Found a staircase to the Swamp.
 10886 | Lair:2   | Found a hole to the Spider Nest.
 11129 | Lair:2   | Killed a six-headed hydra
 11200 | Lair:2   | You fall into a shaft and drop 2 floors!
 11347 | Lair:4   | Identified the +1 sling "Edoal" {freeze, rC++}
 11777 | Lair:2   | Noticed a death yak
 11778 | Lair:2   | Noticed a boulder beetle
 11786 | Lair:2   | Killed a death yak
 11792 | Lair:2   | Killed a boulder beetle
 11793 | Lair:2   | Reached skill level 10 in Fighting
 12098 | Lair:3   | Noticed Sonja
 12111 | Lair:2   | Reached skill level 15 in Unarmed Combat
 12176 | Lair:2   | Reached XP level 13. HP: 62/113 MP: 12/12
 12381 | Lair:3   | Killed Sonja
 12694 | Lair:3   | Found a runed translucent door.
 12697 | Lair:3   | Noticed floatRand's ghost (journeyman TeAE)
 12732 | Lair:3   | Noticed Snorg
 12758 | Lair:3   | Killed Snorg
 13350 | Lair:3   | Killed floatRand's ghost
 13558 | D:6      | Killed mopl's ghost
 14337 | Lair:4   | Acquired a manual of Shields
 14529 | Lair:5   | Entered Level 5 of the Lair of Beasts
 14789 | Lair:5   | Reached XP level 14. HP: 115/124 MP: 13/13
 15193 | Lair:5   | Reached skill level 16 in Unarmed Combat
 15487 | Lair:5   | Found a staircase to the Slime Pits.
 15488 | Lair:5   | Found a viscous altar of Jiyva.
 15576 | Lair:5   | Reached skill level 10 in Dodging
 15645 | Lair:5   | Noticed Kirke
 15670 | Lair:5   | Killed Kirke
 16574 | Lair:5   | Reached skill level 10 in Shields
 17214 | D:9      | You fall into a shaft and drop 3 floors!
 17228 | D:11     | Noticed Erolcha
 17260 | D:11     | Killed Erolcha
 17290 | D:10     | Entered Level 10 of the Dungeon
 17641 | D:11     | Reached skill level 10 in Armour
 17758 | D:10     | Found a blossoming altar of Fedhas.
 17902 | D:10     | Found a staircase to the Orcish Mines.
 19084 | D:11     | Noticed Erica
 19104 | D:11     | Killed Erica
 19480 | D:12     | Reached XP level 15. HP: 107/134 MP: 14/14
 20050 | D:12     | Bought a scroll of teleportation for 39 gold pieces
 20050 | D:12     | Bought a scroll of blinking for 97 gold pieces
 20050 | D:12     | Bought a scroll of teleportation for 39 gold pieces
 20197 | Orc:1    | Entered Level 1 of the Orcish Mines
 20197 | Orc:1    | Noticed Fannar
 20272 | Orc:1    | Killed Fannar
 20374 | Orc:2    | Entered Level 2 of the Orcish Mines
 20526 | Orc:2    | Found a staircase to the Elven Halls.
 20603 | Orc:2    | Noticed Saint Roka
 20645 | Orc:2    | Killed Saint Roka
 21214 | Orc:2    | Reached skill level 17 in Unarmed Combat
 22397 | Orc:2    | Found Huekh's General Store.
 22397 | Orc:2    | Found Featiaq's Jewellery Shoppe.
 22399 | Orc:2    | Found Weum's Antique Weapon Shoppe.
 22399 | Orc:2    | Found Loficloh's Assorted Antiques.
 22406 | Orc:2    | Bought a scroll of enchant armour for 90 gold pieces
 22406 | Orc:2    | Bought a scroll of teleportation for 36 gold pieces
 22406 | Orc:2    | Bought a potion of haste for 120 gold pieces
 22410 | Orc:2    | Bought an amulet of the acrobat for 360 gold pieces
 22414 | Orc:2    | Bought a +0 helmet for 54 gold pieces
 23129 | Orc:1    | Found Rarar's Book Boutique.
 23924 | D:13     | Identified the +1 sling "Ugrat" {freeze, Fly}
 24041 | D:13     | Reached XP level 16. HP: 144/144 MP: 15/15
 25362 | D:13     | Found a gate to the Vaults.
 25418 | D:14     | Upgraded the game from 0.31-a0-455-g1a7b003ef0 to
                  | 0.31-a0-460-g9e667d4245
 25879 | D:14     | Reached skill level 18 in Unarmed Combat
 26441 | D:14     | Identified the +1 shortbow of the Evil Eye {freeze, Dex+3}
 26681 | D:15     | Entered Level 15 of the Dungeon
 26772 | D:15     | Found a staircase to the Depths.
 27394 | D:15     | Identified the +5 morningstar of Adot {flame, *Slow rElec
                  | rN++ Dex+3}
 28442 | D:9      | Noticed Harold
 28460 | D:9      | Killed Harold
 28461 | D:9      | Reached XP level 17. HP: 129/154 MP: 16/16
 28808 | Spider:1 | Entered Level 1 of the Spider Nest
 28944 | Spider:1 | Upgraded the game from 0.31-a0-460-g9e667d4245 to
                  | 0.31-a0-466-g98c9adc2b6
 29514 | Spider:1 | Reached skill level 15 in Fighting
 29922 | Spider:1 | HP: 5/156 [something (9)]
 29923 | Spider:1 | Slain by a ghost moth

Illustrated notes

Levels and vault maps discovered:
D:1:      lightli_iron_boxes, layout_loops_ring
D:2:      layout_basic, hellmonk_ecumenical_altar_heavens_door
D:3:      minmay_goblin_kobold_castle, layout_basic, serial_shops, shop, shop,
          nicolae_shop_statue_plus, shop, nicolae_shop_hallway_stairs
D:4:      layout_rooms, portal_sewer_entry_a, uniq_grinder, uniq_eustachio
D:5:      layout_loops_cross, mainiacjoe_overflow_24_doors, okawaru_trees_2,
          minmay_temple_entry_slanted, minmay_misc_feat_tower, uniq_edmund,
          uniq_duvessa
D:6:      layout_loops_cross, jmf_multi_god_temple, gammafunk_ghost_necromancy,
          amcnicky_mini_rare_corridor_liquid
D:7:      layout_loops_ring, mainiacjoe_overflow_alcove_2, kennysheep_mini_moat,
          uniq_pikel
D:8:      layout_cave_pools, tgw_trog, grunt_lair_entry_orc_guard_hut,
          enter_bailey_2, special_room [special_room_orc], serial_column_ruins,
          column_ruins_columns_T, column_ruins_open_tiny,
          column_ruins_open_medium, column_ruins_grid_3, patterned_corridor
D:9:      layout_grid_maze, minivault_8, uniq_harold
D:10:     cheibrodos_iron_armory, layout_loops_corners,
          mainiacjoe_overflow_paths, kennysheep_orc_monster_closet_entryway,
          dk_rats_in_the_wall
D:11:     layout_cave_pods, uniq_erolcha, uniq_erica
D:12:     layout_rooms
D:13:     layout_long_grid, grunt_vaults_entry_tiered, serial_demonic,
          serial_demonic_a, serial_demonic_c, serial_demonic_d, serial_demonic_b
D:14:     layout_irregular_city
D:15:     gammafunk_depths_entry_grave, layout_grid_maze, dk_noncrumbling_4
Temple:   nicolae_temple_two_arcs
Lair:1:   layout_gridlike, cheibrodos_lair_caveside_slide,
          nicolae_lair_grazing_beasts [nicolae_sub_lair_graze_edge,
          nicolae_sub_lair_graze_edge, nicolae_sub_lair_graze_edge,
          nicolae_sub_lair_graze_edge], uniq_prince_ribbit2
Lair:2:   layout_layer_cave, minmay_swamp_entry_reptiles,
          spider_nest_entry_funnel_web, chequers_serial_rivers_micro_c,
          grunt_forest_large_clearing_hut
Lair:3:   layout_gridlike, gammafunk_ghost_grave, serial_bayou_shore_b,
          grunt_megastairs_2, uniq_snorg, uniq_sonja
Lair:4:   layout_cave_pods, dpeg_oklob_1, wad_woods_river_01
Lair:5:   hangedman_lair_tendril_chambers, layout_cellular_growth,
          slime_entry_1, nicolae_volcano_entry_batcave, disabler_island,
          serial_bayou_shore_b, serial_bayou_shore_a, lemuel_fruit_fields,
          uniq_kirke
Spider:1: layout_cave_pods
Spider:2: layout_spider_delve, nicolae_arachne_temple,
          hangedman_spider_tarantella_strand
Orc:1:    layout_caves, serial_shops, nicolae_shop_behind_doors, uniq_fannar
Orc:2:    st_orc_pillars, layout_diamond_mine, minmay_orc_temple_a,
          uniq_saint_roka

Skill      XL: |  1  2  3  4  5  6  7  8  9 10 11 12 13 14 15 16 17 |
---------------+----------------------------------------------------+-----
Unarmed Combat | 4 5 6 7 8 10 12 13 14 15 16 17 18 | 18.8
Armour         | 1 3 5 6 7 9 10 11 12 | 12.5
Dodging        | 3 4 6 7 8 9 10 11 12 | 12.8
Fighting       | 5 7 8 10 11 12 13 14 15 | 15.1
Shields        | 3 5 6 8 10 12 | 12.0

Action                     |  1- 3 |  4- 6 |  7- 9 | 10-12 | 13-15 | 16-18 || total
---------------------------+-------+-------+-------+-------+-------+-------++-------
  Melee: Unarmed           |    94 |   157 |   287 |   686 |  1657 |   765 ||  3646
  Throw: Throwing net      |       |       |       |     1 |       |       ||     1
 Invoke: Call Merchant     |       |       |       |       |     1 |       ||     1
  Evoke: Wand              |       |       |       |     6 |    15 |       ||    21
    Use: Scroll            |     3 |     3 |     8 |     7 |    16 |     3 ||    40
         Potion            |       |       |       |     1 |     4 |     1 ||     6
   Stab: Distracted        |       |       |     1 |     5 |     9 |     2 ||    17
         Held in net/web   |       |       |       |     1 |       |       ||     1
         Petrified         |       |       |       |       |     8 |       ||     8
         Invisible         |       |       |       |       |     5 |       ||     5
 Armour: Robe              |    14 |     1 |       |       |       |       ||    15
         Scale mail        |       |    71 |   140 |   201 |   350 |   206 ||   968
  Dodge: Dodged            |    38 |    57 |   120 |   382 |   724 |   456 ||  1777
  Block: Kite shield       |       |       |     1 |   265 |   659 |   357 ||  1282

Table legend: (Time is in decaauts)
 A = Elapsed time spent in this place.
 B = Non-inter-level travel time spent in this place.
 C = Inter-level travel time spent in this place.
 D = Time resting spent in this place.
 E = Time spent auto-exploring this place.
 F = Levels seen in this place.
 G = Mean time per level.
                   A        B        C        D        E       F      G
               +--------+--------+--------+--------+--------+-----+--------+
         Total |  29324 |  27206 |   2118 |   4582 |  16573 |  27 | 1086.1 |
       Dungeon |  16911 |  15406 |   1505 |   1946 |  10291 |  15 | 1127.4 |
        Temple |     18 |     10 |      8 |      0 |      0 |   1 |   18.0 |
          Lair |   7801 |   7271 |    530 |   1469 |   4263 |   5 | 1560.2 |
   Spider Nest |   1068 |   1050 |     18 |    165 |    663 |   2 |  534.0 |
  Orcish Mines |   2857 |   2801 |     56 |    869 |   1079 |   2 | 1428.5 |
         Sewer |    282 |    282 |      0 |      0 |    187 |   1 |  282.0 |
        Bailey |    383 |    383 |      0 |    132 |     88 |   1 |  383.0 |
               +--------+--------+--------+--------+--------+-----+--------+

Top non-repeatable levels by time:
   Orc:2: 2148 daAuts
  Lair:5: 2110 daAuts
  Lair:2: 1884 daAuts
    D:13: 1821 daAuts
    D:10: 1457 daAuts
     D:3: 1420 daAuts
    D:14: 1388 daAuts
  Lair:1: 1367 daAuts
     D:7: 1318 daAuts
     D:8: 1297 daAuts
  Lair:4: 1282 daAuts
  Lair:3: 1157 daAuts
    D:15: 1095 daAuts
     D:6: 1073 daAuts
     D:9: 1046 daAuts
